 Dungeon Crawl Stone Soup version 0.30-a0-632-g346586fe48 (webtiles) character file.

Game seed: 2128249269735329123

4235 tilp the Meteoran-At-Arms (level 10, -5/83 HPs)
             Began as a Meteoran Fighter on Jan 13, 2023.
             Was a Believer of Okawaru.
             Slain by an unseen horror (6 damage)
             ... on level 10 of the Dungeon.
             The game lasted 00:16:49 (3781 turns).

tilp the Meteoran-At-Arms (Meteoran Fighter)        Turns: 3781, Time: 00:16:50

Health: -5/83      AC: 18    Str: 18    XL:     10   Next: 85%
Magic:  0/17       EV: 13    Int: 10    God:    Okawaru [**....]
Gold:   39         SH:  7    Dex: 18    Spells: 9/9 levels left

rFire   . . .      SeeInvis .    a - +0 long sword
rCold   . . .      Faith    .    c - +0 buckler
rNeg    . . .      Spirit   +    s - +0 chain mail
rPois   .          Reflect  .    y - +2 helmet
rElec   .          Harm     .    m - +1 cloak
rCorr   +          Rampage  .    (no gloves)
Will    +....                    (no boots)
Stlth   +                        l - amulet of guardian spirit
HPRegen 0.33/turn                D - ring of resist corrosion
MPRegen 0.15/turn                (no ring)

@: heroic, glowing
A: sense surroundings 2, otherworldly, glowing, explore regen
a: Renounce Religion, Heroism


You were on level 10 of the Dungeon.
You worshipped Okawaru.
Okawaru was pleased with you.
You visited 1 branch of the dungeon, and saw 10 of its levels.

You collected 373 gold pieces.
You spent 334 gold pieces at shops.

Inventory:

Hand Weapons
 a - a +0 long sword (weapon)
 b - a +2 short sword of venom
 x - a +0 dagger of electrocution
 E - a +1 dagger of freezing
Missiles
 j - 2 curare-tipped darts
 n - 4 silver javelins
 B - 4 poisoned darts (quivered)
Armour
 c - a +0 buckler (worn)
 m - a +1 cloak (worn)
 r - a +0 plate armour
 s - a +0 chain mail (worn)
 u - a +0 scale mail
 y - a +2 helmet (worn)
Jewellery
 l - an amulet of guardian spirit (around neck)
 p - an amulet of the acrobat
 D - a ring of resist corrosion (left hand)
Wands
 f - a wand of polymorph (4)
 h - a wand of flame (25)
 v - a wand of digging (5)
Scrolls
 e - a scroll of vulnerability
 k - 6 scrolls of teleportation
 C - a scroll of enchant weapon
 F - a scroll of amnesia
Potions
 d - 4 potions of mutation
 g - 3 potions of degeneration {unknown}
 i - 2 potions of brilliance
 o - a potion of magic
 q - a potion of attraction {unknown}
 t - 2 potions of curing
 w - a potion of flight
 z - a potion of lignification


   Skills:
 + Level 6.2(11.2) Fighting
 + Level 8.0(13.0) Long Blades
 + Level 4.0(9.0) Throwing
 + Level 6.0(11.0) Armour
 + Level 8.0(13.0) Dodging
 - Level 4.0(9.0) Stealth
 - Level 4.0(9.0) Shields
 + Level 8.0 Invocations
 + Level 4.0 Evocations


You had 9 spell levels left.
You didn't know any spells.
Your spell library was empty.

Dungeon Overview and Level Annotations

Branches:
Dungeon (10/15) Zot: 2138    Lair (0/5) D:10            Orc (0/2) D:9
 Temple: D:4-7

Altars:
Cheibriados
Fedhas
Makhleb
Nemelex Xobeh
Okawaru
Qazlal

Shops:
D:2 *   D:9 *

Annotations:
D:7 2 runed translucent doors, exclusion: orange crystal statue


Innate Abilities, Weirdness & Mutations

You passively map the area around you.
You are easily found by Zot.
You glow in the dark.
You regain HP and MP as you explore.


Message History

You hit the elephant but do no damage.
The elephant is severely wounded.
The elephant misses you. You block the elephant's attack.
You hit the elephant.
The elephant is severely wounded.
The elephant barely misses you. You block the elephant's attack.
You barely miss the elephant.
The elephant is severely wounded.
The elephant tramples you!
* * * LOW HITPOINT WARNING * * *
You stumble backwards!
You hit the elephant but do no damage.
The elephant is severely wounded.
The elephant tramples you!
* * * LOW HITPOINT WARNING * * *
You stumble backwards!
You hit the elephant but do no damage.
The elephant is severely wounded.
Okay, then.
You feel better. The elephant closely misses you.
The elephant trunk-slaps you but does no damage.
Unknown command.
You hit the elephant.
The elephant is almost dead.
Something hits you but does no damage.
Deactivating autopickup; reactivate with Ctrl-A.
The elephant tramples you!
* * * LOW HITPOINT WARNING * * *
You stumble backwards!
You slash the elephant!
You kill the elephant!
Okawaru accepts your kill.
Something hits you but does no damage. x2
Base training target 8.0 for Long Blades reached!
Base training target 8.0 for Dodging reached!
Your base Long Blades skill increases to level 8!
Your base Dodging skill increases to level 8!
You need to enable at least one skill for training.
Something hits you!
You die...

#.....'...##........>..........
#.....#...# ...P......PP..####
* #######...#####........P..# ,
#.......##.........#* ,
,*#.......####†....##
#..........†#...#..# , *
,*#....^......#...#,, , * ,
######....###..... , , , ,
##..@.# ###### ,,, , , #...>.#
,, , ,, , , #.....#*, ,, ,, ,
,#.....# , ,, , , * , #.....# ,
, * ,, #.....# , , , *,,,,
,#.....#, , , , ,, #.....# *
,,, , ,, ,, ##+#### * *


There were no monsters in sight!

Vanquished Creatures
  A centaur warrior (D:8)
  An elephant (D:10)
  A gargoyle (D:7)
  A meliai (D:10)
  Grinder (D:3)
  2 wyverns
  A water moccasin (D:9)
  2 orc warriors
  An ogre (D:7)
  A swamp drake (D:8)
  3 black bears
  4 centaurs
  2 kobold brigands
  A gnoll sergeant (D:8)
  A bullfrog (D:8)
  A scorpion (D:3)
  4 killer bees (D:9)
  3 howler monkeys
  3 jellies
  3 orc priests
  Crazy Yiuf (D:7)
  An iguana (D:5)
  10 orc wizards
  7 adders
  4 gnolls (D:8)
  2 white imps
  A worm (D:3)
  A dart slug (D:4)
  12 orcs
  3 bats
  3 endoplasms
  5 giant cockroaches
  3 goblins
  2 hobgoblins
  8 kobolds
  2 quokkas
  10 ball pythons
  A frilled lizard (D:3)
  5 rats
118 creatures vanquished.

Vanquished Creatures (others)
  A sky beast (D:8)
  A black bear (D:6)
  A plant (D:10)
3 creatures vanquished.

Grand Total: 121 creatures vanquished

Notes
Turn   | Place    | Note
-------+----------+-------------------------------------------
     0 | D:1      | tilp the Meteoran Fighter began the quest for the Orb.
     0 | D:1      | Reached XP level 1. HP: 19/19 MP: 2/2
    41 | D:1      | Reached XP level 2. HP: 22/26 MP: 3/3
    65 | D:1      | Reached skill level 1 in Dodging
   343 | D:2      | Reached XP level 3. HP: 28/31 MP: 4/4
   372 | D:2      | Found Jalit's General Store.
   395 | D:2      | Bought a scroll of identify for 26 gold pieces
   619 | D:2      | Reached XP level 4. HP: 27/38 MP: 5/5
   757 | D:2      | Bought a scroll of teleportation for 39 gold pieces
  1029 | D:3      | Reached skill level 1 in Evocations
  1088 | D:3      | Found a sparkling altar of Nemelex Xobeh.
  1088 | D:3      | Found a transporter.
  1089 | D:3      | Noticed a scorpion
  1102 | D:3      | Reached skill level 1 in Stealth
  1102 | D:3      | Reached XP level 5. HP: 36/46 MP: 4/6
  1108 | D:3      | Reached skill level 1 in Throwing
  1108 | D:3      | Reached XP level 6. HP: 21/52 MP: 3/7
  1138 | D:3      | Found a large runed translucent door.
  1139 | D:3      | Found a large runed translucent door.
  1197 | D:3      | Found a burning altar of Makhleb.
  1205 | D:3      | Found an iron altar of Okawaru.
  1214 | D:3      | Became a worshipper of Warmaster Okawaru
  1269 | D:3      | Noticed Grinder
  1277 | D:3      | Killed Grinder
  1278 | D:3      | Reached XP level 7. HP: 33/59 MP: 6/8
  1402 | D:5      | Entered Level 5 of the Dungeon
  1413 | D:5      | Reached * piety under Okawaru
  1414 | D:5      | Reached skill level 1 in Invocations
  1631 | D:6      | Reached XP level 8. HP: 62/66 MP: 6/10
  1826 | D:7      | Found a runed translucent door.
  1831 | D:7      | Noticed an orange crystal statue
  1831 | D:7      | Found the +10 tower shield of Ignorance {rN+ Int-4}
  1863 | D:7      | HP: 3/67 [acid (4)]
  1864 | D:7      | HP: 1/67 [acid (10)]
  1922 | D:7      | Noticed a gargoyle
  1943 | D:7      | Killed a gargoyle
  1943 | D:7      | Reached ** piety under Okawaru
  1944 | D:7      | Gained mutation: You passively map the area around you.
                  | [Meteoran growth]
  1944 | D:7      | Reached XP level 9. HP: 66/73 MP: 7/13
  1994 | D:7      | Reached skill level 5 in Armour
  1994 | D:7      | Reached skill level 5 in Dodging
  2002 | D:7      | Found a runed translucent door.
  2051 | D:7      | Reached skill level 5 in Long Blades
  2057 | D:7      | Reached skill level 5 in Fighting
  2075 | D:6      | Reached skill level 5 in Invocations
  2197 | D:7      | Found a runed translucent door.
  2198 | D:7      | Noticed Crazy Yiuf
  2205 | D:7      | Killed Crazy Yiuf
  2290 | D:8      | Found a blossoming altar of Fedhas.
  2710 | D:8      | Noticed a centaur warrior
  2733 | D:8      | Killed a centaur warrior
  2734 | D:8      | Reached XP level 10. HP: 46/83 MP: 5/16
  2875 | D:8      | Found a stormy altar of Qazlal.
  3202 | D:9      | Found Jaohiy's General Store.
  3210 | D:9      | Bought a scroll of enchant armour for 112 gold pieces
  3210 | D:9      | Bought a potion of curing for 45 gold pieces
  3276 | D:9      | Bought a scroll of enchant weapon for 112 gold pieces
  3596 | D:9      | Found a staircase to the Orcish Mines.
  3604 | D:9      | Found a snail-covered altar of Cheibriados.
  3635 | D:10     | Entered Level 10 of the Dungeon
  3713 | D:10     | Found a staircase to the Lair.
  3713 | D:10     | Noticed an elephant
  3776 | D:10     | HP: 2/83 [elephant (9)]
  3780 | D:10     | Killed an elephant
  3781 | D:10     | Slain by an unseen horror

Illustrated notes

Levels and vault maps discovered:
D:1:      minmay_arrival_up_and_down, layout_loops_ring
D:2:      layout_loops_ring, serial_shops, nicolae_shop_waterfront, minivault_4,
          uniq_sigmund
D:3:      layout_loops_ring, jmf_multi_god_temple2, grunt_nemelex_the_gamble,
          serial_rivers, chequers_serial_rivers_room_b,
          chequers_serial_rivers_room_b, chequers_serial_rivers_large_b,
          chequers_serial_rivers_small_b, chequers_serial_rivers_marsh,
          chequers_serial_rivers_micro_a, uniq_grinder
D:4:      layout_cave_pools, temple_pool_b, serial_column_ruins,
          column_ruins_hut_ruined, column_ruins_columns_straight,
          column_ruins_grid_1, column_ruins_open_small, column_ruins_open_tiny,
          column_ruins_columns_straight, column_ruins_open_tiny
D:5:      layout_rooms
D:6:      layout_basic, vehumet_crystals, lemuel_flamethrower_2,
          uniq_blork_the_orc
D:7:      layout_loops_ring, chequers_guarded_unrand_ignorance,
          uniq_crazy_yiuf_cottage
D:8:      layout_basic, fedhas_altar_3, nicolae_qazlal_scattered_showers
D:9:      layout_long_grid, mainiacjoe_overflow_alcove_1, orc_0_dummy,
          serial_shops, shop
D:10:     layout_stronghold, david_lair_generic

Skill      XL: |  1  2  3  4  5  6  7  8  9 10 |
---------------+-------------------------------+-----
Dodging        | 1 2 3 4 6 8 |  8.0
Armour         | 4 5 6 |  6.0
Evocations     | 1 2 3 4 |  4.0
Long Blades    | 3 4 5 8 |  8.0
Stealth        | 1 2 3 4 |  4.0
Shields        | 4 |  4.0
Throwing       | 1 2 3 4 |  4.0
Fighting       | 4 5 6 |  6.2
Invocations    | 2 4 6 8 |  8.0

Action                   |  1- 3 |  4- 6 |  7- 9 | 10-12 || total
-------------------------+-------+-------+-------+-------++-------
Melee: Long sword        |    94 |    68 |   268 |   190 ||   620
Invok: Heroism           |       |       |    11 |     7 ||    18
Evoke: Wand              |       |       |     4 |     1 ||     5
  Use: Scroll            |     3 |       |    13 |     3 ||    19
       Potion            |       |     1 |     6 |     2 ||     9
Armor: Scale mail        |    52 |    27 |     3 |       ||    82
       Chain mail        |       |       |   172 |   136 ||   308
       Skin              |       |       |    15 |       ||    15
Dodge: Dodged            |    42 |    22 |    94 |   109 ||   267
Block: Buckler           |    23 |    18 |    82 |    69 ||   192

Table legend: (Time is in decaauts)
 A = Elapsed time spent in this place.
 B = Non-inter-level travel time spent in this place.
 C = Inter-level travel time spent in this place.
 D = Time resting spent in this place.
 E = Time spent auto-exploring this place.
 F = Levels seen in this place.
 G = Mean time per level.
                   A        B        C        D        E       F      G
               +--------+--------+--------+--------+--------+-----+--------+
         Total |   3860 |   3326 |    534 |     16 |      0 |  10 |  386.0 |
       Dungeon |   3860 |   3326 |    534 |     16 |      0 |  10 |  386.0 |
               +--------+--------+--------+--------+--------+-----+--------+

Top non-repeatable levels by time:
     D:9: 690 daAuts
     D:8: 668 daAuts
     D:7: 596 daAuts
     D:3: 530 daAuts
     D:2: 529 daAuts
     D:1: 309 daAuts
     D:5: 171 daAuts
     D:6: 139 daAuts
    D:10: 138 daAuts
     D:4: 85 daAuts
